 Dungeon Crawl Stone Soup version 0.32-a0-699-g1ee5eff69a (webtiles) character file.

Game seed: 9627793932523473318

12245 croobank the Grappler (level 11, -1/84 HPs)
             Began as a Gnoll Shapeshifter on Mar 13, 2024.
             Slain by a cane toad (14 damage)
             ... on level 2 of the Lair of Beasts.
             The game lasted 00:35:45 (10629 turns).

croobank the Grappler (Gnoll Shapeshifter)         Turns: 10629, Time: 00:35:46

Health: -1/84      AC: 17    Str: 19    XL:     11   Next: 90%
Magic:  10/21      EV:  9    Int: 16    God:
Gold:   615        SH:  5    Dex:  9    Spells: 22/24 levels left

rFire   . .          .
                       - Unarmed
rCold   + + .        g - +0 buckler
rNeg    . . .        O - +7 chain mail of the Tired Stars {Regen+ Str+4 Int+3 Stlth+}
rPois   .            (helmet currently unavailable)
rElec   .            (cloak currently unavailable)
rCorr   .            (gloves currently unavailable)
SInv    .            (boots currently unavailable)
Will    .....        (no amulet)
Stlth   ++           w - ring of protection from cold
HPRegen 1.14/turn    m - +4 ring of slaying
MPRegen 0.17/turn

%: no passive effects
@: lethally poisoned (-1 -> -5), beast-form, very slightly contaminated
A: beast (slay +4), fangs 1, strong nose, distributed training, clumsy 1, cold
resistance 1, inability to drink after injury 1
a: Begin Untransformation


You were on level 2 of the Lair of Beasts.
You were a hulking beast.
You visited 3 branches of the dungeon, and saw 13 of its levels.
You also visited: Ossuary and Ice Cave.

You collected 615 gold pieces.

Inventory:

Hand Weapons
 b - a +2 sling of freezing
 s - a +1 dagger of venom
 z - a +2 morningstar
 B - a +2 long sword of holy wrath
 F - a +4 spear
 N - a +2 dagger of electrocution
 U - a +0 dagger of freezing
Missiles
 u - 9 poisoned darts
 G - 7 boomerangs (quivered)
Armour
 g - a +0 buckler (worn)
 j - a +0 ring mail
 o - a +1 helmet
 p - the +5 ring mail of Hucaniog {-Tele Rampage Int+6 Dex+3}
   (You found it on level 5 of the Dungeon)

   Int+6:     It affects your intelligence (+6).
   Dex+3:     It affects your dexterity (+3).
   -Tele:     It prevents most forms of teleportation.
   Rampage:   It bestows one free step when moving towards enemies.
 C - +0 steam dragon scales
 H - a +0 cloak
 J - a +0 pair of gloves
 O - the +7 chain mail of the Tired Stars (worn) {Regen+ Str+4 Int+3 Stlth+}
   (You found it on level 10 of the Dungeon)

   Str+4:     It affects your strength (+4).
   Int+3:     It affects your intelligence (+3).
   Regen+:    It increases your rate of health regeneration.
   Stlth+:    It makes you more stealthy.
 R - a +0 hat
 S - a +0 robe of resistance
 T - a +4 ring mail of fire resistance
Jewellery
 k - a ring of willpower
 m - a +4 ring of slaying (right hand)
 w - a ring of protection from cold (left hand)
 I - a ring of protection from cold
 L - a +6 ring of intelligence
Talismans
 c - a beast talisman (active)
 d - a flux talisman
 r - a dragon-blood talisman
Wands
 v - a wand of charming (1)
 y - a wand of digging (6)
 P - a wand of warping (8)
Scrolls
 e - 5 scrolls of noise
 n - 2 scrolls of blinking
 t - a scroll of amnesia
 x - a scroll of identify
 A - 2 scrolls of enchant armour
 D - a scroll of enchant weapon
 E - a scroll of revelation
 K - a scroll of vulnerability
 M - a scroll of teleportation
Potions
 a - a potion of cancellation
 f - 4 potions of curing
 h - 2 potions of attraction
 i - a potion of enlightenment
 l - 2 potions of haste
 q - 2 potions of lignification


   Skills:
 + Level 7.5 Fighting
 + Level 7.0 Short Blades
 + Level 7.0 Long Blades
 + Level 7.0 Axes
 + Level 7.0 Maces & Flails
 + Level 7.0 Polearms
 + Level 7.0 Staves
 + Level 7.0 Ranged Weapons
 + Level 7.0 Throwing
 + Level 7.0 Armour
 + Level 8.4 Dodging
 + Level 7.0 Stealth
 + Level 7.0 Shields
 + Level 9.6 Unarmed Combat
 + Level 7.0 Spellcasting
 + Level 5.8 Conjurations
 + Level 5.8 Hexes
 + Level 5.8 Summonings
 + Level 5.8 Necromancy
 + Level 5.8 Translocations
 + Level 5.8 Fire Magic
 + Level 5.8 Ice Magic
 + Level 5.8 Air Magic
 + Level 5.8 Earth Magic
 + Level 5.8 Alchemy
 + Level 7.6 Invocations
 + Level 7.0 Evocations
 + Level 9.2 Shapeshifting


You had 22 spell levels left.
You knew the following spells:

 Your Spells              Type           Power      Damage    Failure   Level
a - Scorch                Fire           48%        2d7       14%         2

Your spell library contained the following spells:

 Spells                   Type           Power      Damage    Failure   Level
 Jinxbite                 Hex            48%        N/A       14%         2
 Call Canine Familiar     Summ           24%        N/A       28%         3
 Inner Flame              Hex/Fire       24%        N/A       28%         3
 Passwall                 Erth           24%        N/A       28%         3
 Sigil of Binding         Hex            24%        N/A       28%         3
 Volatile Blastmotes      Fire/Tloc      48%        2d14      28%         3
 Dimensional Bullseye     Hex/Tloc       12%        N/A       67%         4
 Flame Wave               Conj/Fire      24%        2d8       67%         4
 Fulminant Prism          Conj/Alch      12%        3d8       67%         4
 Iskenderun's Mystic Bla  Conj/Tloc      24%        2d7       67%         4
 Irradiate                Conj/Alch      12%        3d15      95%         5
 Yara's Violent Unravell  Hex/Alch       12%        3d7       95%         5
 Bombard                  Conj/Erth      12%        9d3       100%        6
 Summon Cactus Giant      Summ           12%        N/A       100%        6
 Enfeeble                 Hex            12%        N/A       100%        7
 Ignition                 Fire           12%        3d6       100%        8


Dungeon Overview and Level Annotations

Branches:
Dungeon (10/15)            Temple (1/1) D:6            Lair (2/5) D:10
    Orc (0/2) D:9         Ossuary (visited)           IceCv (visited)
  Swamp: Lair:2-3    Shoals: Lair:2-3     Snake: Lair:2-3    Spider: Lair:2-3

Altars:
Ashenzari
Cheibriados
Elyvilon
Fedhas
Gozag
Hepliaklqana
Kikubaaqudgha
Makhleb
Okawaru
Qazlal
Ru
Sif Muna
Trog
Uskayaw
Vehumet
Wu Jian
Xom
Yredelemnul
Zin
The Shining One

Annotations:
D:2 Terence
D:8 2 transporters, TombstoneGhost's ghost, novice MDFi
Lair:1 2 transporters


Innate Abilities, Weirdness & Mutations

You are a hulking beast.
Your limbs bulge with bestial killing power. (Slay +4)
You have very sharp teeth.
Your uncanny sense of smell can sniff out nearby items.
Your experience applies equally to all skills.
You are clumsy. (Dex -2)
Your flesh is cold resistant. (rC+)
You occasionally lose the ability to drink potions when taking damage.


Message History

Flames lash the cane toad.
The cane toad is burned terribly!
The cane toad is severely wounded.
The cane toad stings you!
You are poisoned.
The cane toad poisons you!
Casting: Scorch (safe; 14% risk of failure)
Confirm with . or Enter, or press ? or * to list all spells.
Flames lash the cane toad but do no damage.
You feel very sick. The cane toad stings you!
You hit the cane toad.
The cane toad is severely wounded.
You feel very sick. The cane toad stings you!
You are more poisoned.
The cane toad poisons you!
You hit the cane toad.
The cane toad is almost dead.
You feel very sick. The cane toad stings you!
* * * LOW HITPOINT WARNING * * *
Casting: Scorch (safe; 14% risk of failure)
Confirm with . or Enter, or press ? or * to list all spells.
You miscast Scorch.
You are very lightly contaminated with residual magic.
Nothing appears to happen.
You feel very sick.
The cane toad stings you but does no damage.
Casting: Scorch (safe; 14% risk of failure)
Confirm with . or Enter, or press ? or * to list all spells.
Flames lash the cane toad.
The cane toad is almost dead.
You feel very sick. The cane toad barely misses you.
Casting: Scorch (safe; 14% risk of failure)
Confirm with . or Enter, or press ? or * to list all spells.
You miscast Scorch.
Nothing appears to happen.
You feel very sick. The cane toad stings you!
You die...

## ## #.## ####
#.P###.P###..PP
[..............
...............
...............
.......hF......
##.....#.#....#
#....# ## ..#
#..... . ##...
#... #P.. ##..


You could see a cane toad (combustible).

Vanquished Creatures
  Gastronok (Lair:1)
  2 ugly things (IceCv)
  A manticore (D:6)
  3 ice statues (IceCv)
  Joseph (D:10)
  A cane toad (Lair:1)
  An anaconda simulacrum (IceCv)
  A komodo dragon (Lair:1)
  2 polar bears (Lair:1)
  6 blink frogs (Lair:1)
  A troll (D:10)
  Sigmund (D:5)
  A wraith (D:6)
  9 yaks
  Menkaure (Ossuary)
  2 steam dragons
  A death yak simulacrum (IceCv)
  3 water moccasins
  A hydra simulacrum (IceCv)
  3 orc warriors
  3 ice beasts
  A black bear (D:4)
  2 sky beasts
  An ogre (D:4)
  2 centaurs
  Blork the orc (D:6)
  A kobold brigand (D:8)
  A gnoll sergeant (D:9)
  5 bullfrogs
  2 cane toad simulacra (IceCv)
  2 scorpions
  3 wights (D:7)
  4 killer bees (D:8)
  3 howler monkeys
  An electric eel (D:10)
  3 bombardier beetles
  An orc priest (D:7)
  6 hounds
  A sleepcap (D:8)
  4 iguanas
  6 orc wizards
  A polar bear simulacrum (IceCv)
  A wolf simulacrum (IceCv)
  3 mummies (Ossuary)
  Robin (D:2)
  7 gnolls
  5 adders
  A white imp (D:6)
  2 dart slugs (D:3)
  3 ribbon worms (D:4)
  21 orcs
  6 ball pythons
  10 endoplasms
  A giant cockroach (D:3)
  2 gnoll zombies (Ossuary)
  15 goblins
  9 hobgoblins
  2 jackals (D:1)
  3 bats
  4 frilled lizards (D:1)
  3 gnoll skeletons (Ossuary)
  8 goblin skeletons (Ossuary)
  7 goblin zombies (Ossuary)
  3 hobgoblin skeletons (Ossuary)
  A hobgoblin zombie (Ossuary)
  10 kobolds
  3 kobold skeletons (Ossuary)
  4 kobold zombies (Ossuary)
  3 orc skeletons (Ossuary)
  5 orc zombies (Ossuary)
  5 rats
  5 rat skeletons (Ossuary)
  6 rat zombies (Ossuary)
255 creatures vanquished.

Vanquished Creatures (collateral kills)
  A cane toad (Lair:1)
  A bullfrog (D:9)
  A howler monkey (D:6)
  An orc priest (D:10)
  A gnoll bouda (D:9)
  An iguana (D:6)
  An orc wizard (D:10)
  A gnoll (D:9)
  A kobold (D:9)
9 creatures vanquished.

Vanquished Creatures (others)
  A gargoyle (D:6)
  A hornet (Lair:1)
  A jelly (D:6)
  A butterfly (D:8)
4 creatures vanquished.

Grand Total: 268 creatures vanquished

Notes
Turn   | Place    | Note
-------+----------+-------------------------------------------
     0 | D:1      | croobank the Gnoll Shapeshifter began the quest for the
                  | Orb.
     0 | D:1      | Reached XP level 1. HP: 17/17 MP: 1/1
    32 | D:1      | Found a faded altar of an unknown god.
    67 | D:1      | Reached XP level 2. HP: 21/23 MP: 2/2
   582 | D:2      | Noticed Robin
   588 | D:1      | Reached XP level 3. HP: 23/28 MP: 3/3
   848 | D:2      | Killed Robin
   849 | D:2      | Reached skill level 1 in Invocations
   879 | D:2      | Reached skill level 1 in Short Blades
   879 | D:2      | Reached skill level 1 in Long Blades
   879 | D:2      | Reached skill level 1 in Axes
   879 | D:2      | Reached skill level 1 in Maces & Flails
   879 | D:2      | Reached skill level 1 in Polearms
   879 | D:2      | Reached skill level 1 in Staves
   879 | D:2      | Reached skill level 1 in Ranged Weapons
   879 | D:2      | Reached skill level 1 in Throwing
   879 | D:2      | Reached skill level 1 in Armour
   879 | D:2      | Reached skill level 1 in Stealth
   879 | D:2      | Reached skill level 1 in Shields
   879 | D:2      | Reached skill level 1 in Spellcasting
   879 | D:2      | Reached skill level 1 in Evocations
   940 | D:2      | Noticed Terence
  1199 | D:3      | Reached XP level 4. HP: 33/34 MP: 5/5
  1263 | D:3      | Reached skill level 1 in Conjurations
  1263 | D:3      | Reached skill level 1 in Hexes
  1263 | D:3      | Reached skill level 1 in Summonings
  1263 | D:3      | Reached skill level 1 in Necromancy
  1263 | D:3      | Reached skill level 1 in Translocations
  1263 | D:3      | Reached skill level 1 in Fire Magic
  1263 | D:3      | Reached skill level 1 in Ice Magic
  1263 | D:3      | Reached skill level 1 in Air Magic
  1263 | D:3      | Reached skill level 1 in Earth Magic
  1263 | D:3      | Reached skill level 1 in Alchemy
  1377 | D:3      | Found a shimmering blue altar of Sif Muna.
  1422 | D:3      | Found an ornate altar of the Wu Jian Council.
  1479 | D:3      | Reached XP level 5. HP: 37/40 MP: 5/7
  1667 | D:3      | Found a snail-covered altar of Cheibriados.
  2690 | D:4      | Noticed a black bear
  2697 | D:4      | Killed a black bear
  2698 | D:4      | Reached skill level 5 in Dodging
  2698 | D:4      | Reached XP level 6. HP: 23/47 MP: 8/8
  3092 | D:5      | Entered Level 5 of the Dungeon
  3093 | D:5      | Identified the +5 ring mail of Hucaniog {-Tele Rampage
                  | Int+6 Dex+3}
  3151 | D:5      | Noticed an ice beast
  3159 | D:5      | Killed an ice beast
  3160 | D:5      | Reached XP level 7. HP: 52/52 MP: 10/10
  3178 | D:5      | Found a stormy altar of Qazlal.
  3260 | D:5      | Found an iron altar of Okawaru.
  3304 | D:5      | Found a bloodstained altar of Trog.
  3372 | D:5      | Noticed Sigmund
  3381 | D:5      | Killed Sigmund
  3382 | D:5      | Reached XP level 8. HP: 51/60 MP: 12/12
  3686 | D:6      | Noticed a gargoyle
  3712 | D:6      | Noticed a manticore
  3715 | D:6      | Noticed a wraith
  3722 | D:6      | Killed a manticore
  3735 | D:6      | Killed a wraith
  3803 | D:6      | Reached XP level 9. HP: 52/66 MP: 14/14
  3866 | D:6      | Found a staircase to the Ecumenical Temple.
  3929 | D:6      | Noticed Blork the orc
  3933 | D:6      | Found a sand-covered staircase.
  3939 | D:6      | Killed Blork the orc
  3940 | D:6      | Reached skill level 5 in Fighting
  3954 | Ossuary  | Entered an ossuary
  4403 | Ossuary  | Noticed Menkaure
  4419 | Ossuary  | Killed Menkaure
  4732 | Temple   | Entered the Ecumenical Temple
  5210 | D:7      | Reached skill level 5 in Invocations
  5850 | D:8      | Found a shimmering altar of Xom.
  5881 | D:8      | Found a radiant altar of Vehumet.
  5945 | D:8      | Found a transporter.
  5969 | D:8      | Noticed TombstoneGhost's ghost (novice MDFi)
  5999 | D:8      | Found a transporter.
  6147 | D:8      | Found a burning altar of Makhleb.
  6182 | D:8      | Reached skill level 5 in Short Blades
  6182 | D:8      | Reached skill level 5 in Long Blades
  6182 | D:8      | Reached skill level 5 in Axes
  6182 | D:8      | Reached skill level 5 in Maces & Flails
  6182 | D:8      | Reached skill level 5 in Polearms
  6182 | D:8      | Reached skill level 5 in Staves
  6182 | D:8      | Reached skill level 5 in Ranged Weapons
  6182 | D:8      | Reached skill level 5 in Throwing
  6182 | D:8      | Reached skill level 5 in Armour
  6182 | D:8      | Reached skill level 5 in Stealth
  6182 | D:8      | Reached skill level 5 in Shields
  6182 | D:8      | Reached skill level 5 in Spellcasting
  6182 | D:8      | Reached skill level 5 in Evocations
  6182 | D:8      | Reached XP level 10. HP: 69/76 MP: 17/17
  6568 | D:8      | Noticed a moth of wrath
  6688 | D:9      | Found a sacrificial altar of Ru.
  6976 | D:9      | Found a staircase to the Orcish Mines.
  7358 | D:10     | Entered Level 10 of the Dungeon
  7359 | D:10     | Noticed Joseph
  7360 | D:10     | Gained mutation: You occasionally lose the ability to drink
                  | potions when taking damage. [potion of mutation]
  7360 | D:10     | Gained mutation: You are clumsy. (Dex -2) [potion of
                  | mutation]
  7360 | D:10     | Gained mutation: Your flesh is cold resistant. (rC+)
                  | [potion of mutation]
  8054 | D:9      | Found a glowing silver altar of Zin.
  8301 | D:10     | Killed Joseph
  8309 | D:10     | Identified the +7 chain mail of the Tired Stars {Regen+
                  | Str+4 Int+3 Stlth+}
  8560 | D:10     | Found a staircase to the Lair.
  8601 | Lair:1   | Entered Level 1 of the Lair of Beasts
  8601 | Lair:1   | Noticed a cane toad
  8608 | Lair:1   | Killed a cane toad
  8610 | Lair:1   | Reached skill level 5 in Conjurations
  8610 | Lair:1   | Reached skill level 5 in Hexes
  8610 | Lair:1   | Reached skill level 5 in Summonings
  8610 | Lair:1   | Reached skill level 5 in Necromancy
  8610 | Lair:1   | Reached skill level 5 in Translocations
  8610 | Lair:1   | Reached skill level 5 in Fire Magic
  8610 | Lair:1   | Reached skill level 5 in Ice Magic
  8610 | Lair:1   | Reached skill level 5 in Air Magic
  8610 | Lair:1   | Reached skill level 5 in Earth Magic
  8610 | Lair:1   | Reached skill level 5 in Alchemy
  8690 | Lair:1   | Reached XP level 11. HP: 82/83 MP: 20/20
  8739 | Lair:1   | Learned a level 2 spell: Scorch
  8742 | Lair:1   | Noticed Gastronok
  8766 | Lair:1   | Killed Gastronok
  8774 | Lair:1   | Found a frozen archway.
  8808 | IceCv    | Entered an ice cave
  8921 | IceCv    | Noticed a white ugly thing
  8937 | IceCv    | Killed a white ugly thing
  9106 | IceCv    | Noticed a white ugly thing
  9388 | IceCv    | Killed a white ugly thing
  9691 | Lair:1   | Found a transporter.
 10507 | Lair:1   | Found a transporter.
 10629 | Lair:2   | Slain by a cane toad

Illustrated notes

Levels and vault maps discovered:
D:1:      mrwooster_arrival_statue, layout_rooms, basic_ecumenical_altar,
          st_stairs_3
D:2:      layout_loops_ring, uniq_crazy_yiuf_cottage, uniq_robin, uniq_terence
D:3:      layout_basic, kennysheep_slug_shrine,
          mainiacjoe_overflow_surrounded_room, pdpol_wu_jian_five_deadly_venoms
D:4:      layout_loops_corners
D:5:      layout_rooms, nicolae_qazlal_beasts_of_the_sky,
          okawaru_altar_gauntlet_db, overflow_temple_1_default, chequers_garden,
          uniq_sigmund
D:6:      layout_rooms, minmay_temple_entry_large_hall,
          nicolae_ossuary_entry_ruins, kb_rosetta, uniq_blork_the_orc
D:7:      layout_loops_ring, hangedman_decor_opposing
D:8:      layout_basic, lightli_temple_of_fire, general_overflow_altar,
          xom_butterflies, gammafunk_ghost_berserking_beasts
D:9:      layout_cave_pools, mainiacjoe_overflow_tiny_flanked,
          nicolae_overflow_hidden_temple, orc_0_dummy
D:10:     layout_basic, nemelex_diamond_rough_becter, old_standard_altar,
          erik_lair_island, enter_bailey_2, uniq_joseph
Temple:   grunt_temple_mini_profane
Lair:1:   gammafunk_worm_tunnel, layout_regular_city,
          portal_ice_cave_entry_pillars_2, chequers_serial_rivers_micro_c,
          dreamdust_mushroom_princess, uniq_gastronok
Lair:2:   layout_long_grid, nicolae_lair_lindhole

Skill      XL: |  1  2  3  4  5  6  7  8  9 10 11 |
---------------+----------------------------------+-----
Invocations    | 1 2 3 4 5 6 7 |  7.6
Short Blades   | 1 2 3 5 6 7 |  7.0
Long Blades    | 1 2 3 5 6 7 |  7.0
Axes           | 1 2 3 5 6 7 |  7.0
Maces & Flails | 1 2 3 5 6 7 |  7.0
Polearms       | 1 2 3 5 6 7 |  7.0
Staves         | 1 2 3 5 6 7 |  7.0
Ranged Weapons | 1 2 3 5 6 7 |  7.0
Throwing       | 1 2 3 5 6 7 |  7.0
Armour         | 1 2 3 5 6 7 |  7.0
Stealth        | 1 2 3 5 6 7 |  7.0
Shields        | 1 2 3 5 6 7 |  7.0
Spellcasting   | 1 2 3 5 6 7 |  7.0
Evocations     | 1 2 3 5 6 7 |  7.0
Conjurations   | 1 2 3 4 5 |  5.8
Hexes          | 1 2 3 4 5 |  5.8
Summonings     | 1 2 3 4 5 |  5.8
Necromancy     | 1 2 3 4 5 |  5.8
Translocations | 1 2 3 4 5 |  5.8
Fire Magic     | 1 2 3 4 5 |  5.8
Ice Magic      | 1 2 3 4 5 |  5.8
Air Magic      | 1 2 3 4 5 |  5.8
Earth Magic    | 1 2 3 4 5 |  5.8
Alchemy        | 1 2 3 4 5 |  5.8
Fighting       | 3 4 5 6 7 |  7.5
Dodging        | 5 6 7 8 |  8.4
Unarmed Combat | 7 8 9 |  9.6
Shapeshifting  | 7 8 9 |  9.2

Action                     |  1- 3 |  4- 6 |  7- 9 | 10-12 || total
---------------------------+-------+-------+-------+-------++-------
  Melee: Unarmed           |    54 |    65 |   205 |   355 ||   679
         Bite              |     4 |     5 |    27 |    51 ||    87
         Punch             |     1 |     1 |    11 |     7 ||    20
   Fire: Sling             |       |    13 |    64 |       ||    77
  Throw: Boomerang         |       |       |       |    14 ||    14
   Cast: Scorch            |       |       |       |    47 ||    47
  Evoke: Wand              |       |       |     2 |     7 ||     9
    Use: Scroll            |     4 |     2 |    10 |     7 ||    23
         Potion            |       |       |       |     9 ||     9
   Stab: Sleeping          |     2 |     2 |     5 |       ||     9
         Distracted        |       |     1 |     3 |     1 ||     5
         Betrayed ally     |       |       |       |     1 ||     1
 Armour: Animal skin       |    25 |    30 |       |       ||    55
         Ring mail         |       |     3 |   138 |   106 ||   247
         Chain mail        |       |       |       |   260 ||   260
         Skin              |       |       |       |     4 ||     4
  Dodge: Dodged            |    24 |    23 |   116 |   214 ||   377
  Block: Buckler           |       |       |       |    58 ||    58
   Form: Beast             |       |       |       |     1 ||     1
         Flux              |       |       |       |     1 ||     1

Table legend: (Time is in decaauts)
 A = Elapsed time spent in this place.
 B = Non-inter-level travel time spent in this place.
 C = Inter-level travel time spent in this place.
 D = Time resting spent in this place.
 E = Time spent auto-exploring this place.
 F = Levels seen in this place.
 G = Mean time per level.
                   A        B        C        D        E       F      G
               +--------+--------+--------+--------+--------+-----+--------+
         Total |  10530 |  10252 |    278 |   2424 |   5148 |  15 |  702.0 |
       Dungeon |   7781 |   7530 |    251 |   1333 |   4461 |  10 |  778.1 |
        Temple |     32 |     17 |     15 |      0 |      0 |   1 |   32.0 |
          Lair |   1184 |   1173 |     11 |    258 |    562 |   2 |  592.0 |
       Ossuary |    730 |    730 |      0 |    305 |    125 |   1 |  730.0 |
      Ice Cave |    802 |    802 |      0 |    527 |      0 |   1 |  802.0 |
               +--------+--------+--------+--------+--------+-----+--------+

Top non-repeatable levels by time:
     D:8: 1286 daAuts
  Lair:1: 1173 daAuts
     D:9: 1135 daAuts
     D:4: 1105 daAuts
     D:7: 861 daAuts
     D:1: 829 daAuts
     D:3: 807 daAuts
   IceCv: 802 daAuts
 Ossuary: 730 daAuts
     D:6: 569 daAuts
     D:5: 491 daAuts
    D:10: 354 daAuts
     D:2: 340 daAuts
  Temple: 32 daAuts
  Lair:2: 10 daAuts
